 Dungeon Crawl Stone Soup version 0.27.0-1-g7a089689b8 (webtiles) character file.

Game seed: 7471394699556816686

977 lagrange the Sneak (level 7, -1/32 HPs)
             Began as a Spriggan Artificer on Aug 13, 2021.
             Slain by an ogre (30 damage)
             ... on level 5 of the Dungeon.
             The game lasted 00:22:52 (8107 turns).

lagrange the Sneak (Spriggan Artificer)             Turns: 8107, Time: 00:22:52

Health: -1/32      AC:  3    Str:  8    XL:     7   Next: 95%
Magic:  8/8        EV: 21    Int: 14    God:
Gold:   1449       SH:  0    Dex: 16    Spells: 6/6 levels left

rFire    + . .     SeeInvis +   s - +0 dagger (venom)
rCold    . . .     Faith    .   (shield restricted)
rNeg     . . .     Spirit   .   b - +0 robe
rPois    .         Reflect  .   (helmet restricted)
rElec    .         Harm     .   m - +0 cloak
rCorr    .         Rampage  .   (gloves unavailable)
Will     +....                  (boots unavailable)
Stlth    ++++......             h - amulet of the acrobat
HPRegen  0.10/turn              l - ring of protection from fire
MPRegen  0.11/turn              (no ring)

@: very quick
A: very small, no large weapons, unfitting armour, see invisible, speed 3
a: no special abilities


You were on level 5 of the Dungeon.
You visited 1 branch of the dungeon, and saw 5 of its levels.

You collected 1449 gold pieces.

Inventory:

Hand Weapons
 a - a +0 club
 j - a +1 dagger
 s - a +0 dagger of venom (weapon)
Armour
 b - a +0 robe (worn)
 m - a +0 cloak (worn)
Jewellery
 h - an amulet of the acrobat (around neck)
 l - a ring of protection from fire (left hand)
 t - an amulet of regeneration
Wands
 c - a wand of flame (1) (quivered)
 d - a wand of charming (8)
 i - a wand of mindburst (10)
Scrolls
 o - 3 scrolls of teleportation
 p - 2 scrolls of immolation
Potions
 f - a potion of degeneration {unknown}
 g - a potion of magic {unknown}
 k - 2 potions of haste {unknown}
 n - 2 potions of lignification
 q - 2 potions of brilliance {unknown}
Miscellaneous
 e - a piece from Xom's chessboard (7/15)


   Skills:
 - Level 0.7 Fighting
 + Level 3.8 Short Blades
 + Level 7.3 Dodging
 + Level 7.9 Stealth
 - Level 7.0 Evocations


You had 6 spell levels left.
You didn't know any spells.
Your spell library contained the following spells:

 Spells                   Type           Power      Damage    Failure   Level
 Portal Projectile        Hex/Tloc       0%         N/A       65%         3
 Blade Hands              Tmut           0%         N/A       100%        5
 Excruciating Wounds      Necr           0%         N/A       100%        5


Dungeon Overview and Level Annotations

Branches:
Dungeon (5/15)
 Temple: D:4-7

Altars:


Innate Abilities, Weirdness & Mutations

You are very small and have problems with some larger weapons.
You are too small for most types of armour.
You have supernaturally acute eyesight. (SInv)
You cover ground extremely quickly. (Speed+++)


Message History

You now have 1429 gold pieces (gained 13).
Found 25 stones.
You now have 1438 gold pieces (gained 9).
You now have 1449 gold pieces (gained 11).
An ogre comes into view. It is wielding a +0 giant club.
Found 8 gold pieces.
Found a stone staircase leading down.
The ogre shouts!
You hear a bark!
Found 11 gold pieces.
A hound comes into view.
The ogre completely misses you.
You hit the ogre.
The ogre is lightly wounded.
The hound stops to sniff the ground.
The hound completely misses you.
You hit the ogre but do no damage.
The ogre is poisoned.
The ogre is lightly wounded.
The ogre misses you. The hound misses you.
You hit the ogre but do no damage.
The ogre is lightly wounded.
An orc comes into view. It is wielding a +0 hand axe.
The hound misses you. The ogre misses you.
You hit the ogre but do no damage.
The ogre is lightly wounded.
The hound bites you but does no damage. The hound misses you.
The hound completely misses you.
You hit the hound but do no damage.
The hound is poisoned.
The hound misses you. The hound bites you.
You hit the hound.
The hound looks as sick as possible!
The hound is moderately wounded.
The ogre completely misses you. The hound bites you.
The hound completely misses you. The hound completely misses you.
The hound misses you.
You hit the hound but do no damage.
The hound looks as sick as possible!
The hound is almost dead.
You kill the hound!
The ogre hits you with a +0 giant club!!
Ouch! That really hurt!
You die...

...................###
...(..........#.....(#
...##.........##.....#
..###........##...####
..####.......#..###
................# #
................# ## ..#
...............O##.#.....
.......######.o.@........
#....### ##...####......#
#..... #...### ......#
#....## #..o..# #.....#
#..... #.#.....# .....#
#.......o##........
#$..!##....$...#....
..#....##...#####... .
#.... .....#


You could see an ogre (poisoned) and an orc.

Vanquished Creatures
  Edmund (D:4)
  2 water moccasins (D:4)
  A black bear (D:4)
  An ogre (D:4)
  A centaur (D:5)
  A scorpion (D:3)
  A water moccasin zombie (D:4)
  A bullfrog skeleton (D:5)
  A jelly (D:4)
  2 hounds
  11 adders
  An ufetubus (D:5)
  3 worms
  2 dart slugs
  2 orcs
  7 ball pythons
  6 bats
  8 endoplasms
  6 giant cockroaches
  3 goblins
  7 hobgoblins
  2 jackals (D:2)
  10 kobolds
  2 quokkas (D:1)
  4 frilled lizards
  5 rats
91 creatures vanquished.

Vanquished Creatures (collateral kills)
  An endoplasm (D:2)
  A giant cockroach (D:1)
  3 jackals (D:1)
  A frilled lizard (D:1)
  A kobold (D:2)
  A rat (D:1)
8 creatures vanquished.

Vanquished Creatures (others)
  A giant cockroach (D:2)
1 creature vanquished.

Grand Total: 100 creatures vanquished

Notes
Turn   | Place    | Note
-------+----------+-------------------------------------------
     0 | D:1      | lagrange the Spriggan Artificer began the quest for the
                  | Orb.
     0 | D:1      | Reached XP level 1. HP: 9/9 MP: 2/2
   369 | D:1      | Reached XP level 2. HP: 9/14 MP: 3/3
  1062 | D:1      | You fall into a shaft and drop 1 floor!
  1096 | D:1      | Found a faded altar of an unknown god.
  2217 | D:1      | Reached XP level 3. HP: 17/17 MP: 4/4
  2872 | D:2      | Reached skill level 5 in Evocations
  2917 | D:2      | Reached XP level 4. HP: 21/21 MP: 5/5
  4221 | D:3      | Noticed a scorpion
  4224 | D:3      | Noticed a scorpion
  4262 | D:3      | Killed a scorpion
  4263 | D:3      | Reached XP level 5. HP: 7/25 MP: 6/6
  4872 | D:3      | Identified a scroll of acquirement
  4872 | D:3      | Acquired 1143 gold pieces
  4944 | D:3      | Reached skill level 5 in Dodging
  5524 | D:4      | Reached skill level 5 in Stealth
  5616 | D:4      | Noticed a phantom
  5618 | D:4      | Noticed Edmund
  5692 | D:4      | Noticed a water moccasin
  6026 | D:4      | Killed Edmund
  6027 | D:4      | Reached skill level 1 in Short Blades
  6027 | D:4      | Reached XP level 6. HP: 13/29 MP: 7/7
  6611 | D:4      | Reached XP level 7. HP: 12/32 MP: 8/8
  7165 | D:5      | Entered Level 5 of the Dungeon
  8107 | D:5      | Slain by an ogre

Illustrated notes

Levels and vault maps discovered:
D:1:      lightli_arrival_statuegarden, layout_basic,
          hellmonk_ecumenical_altar_heavens_door, minmay_pentomino_x2
D:2:      layout_loops_ring, minmay_door_square
D:3:      layout_basic
D:4:      layout_loops_ring, minmay_increasing_density, uniq_edmund
D:5:      layout_cave_pools, kennysheep_orc_sif_temple,
          minmay_temple_entry_gardened_gates, minmay_misc_feat_secret_circle,
          uniq_crazy_yiuf_cottage

Skill      XL: |  1  2  3  4  5  6  7 |
---------------+----------------------+-----
Stealth        | 2 3 4 5 6 7 |  7.9
Dodging        | 4 5 6 7 |  7.3
Evocations     | 5 6 7 |  7.0
Short Blades   | 1 2 3 |  3.8
Fighting       | |  0.7

Action                   |  1- 3 |  4- 6 |  7- 9 || total
-------------------------+-------+-------+-------++-------
Melee: Club              |    35 |       |       ||    35
       Dagger            |   130 |   231 |    90 ||   451
Evoke: Wand              |    17 |     7 |       ||    24
       Piece from Xom's  |     4 |    17 |     7 ||    28
  Use: Scroll            |     1 |     9 |     1 ||    11
       Potion            |       |     1 |     1 ||     2
 Stab: Sleeping          |    11 |    11 |     2 ||    24
       Distracted        |     1 |       |       ||     1
       Paralysed         |       |     2 |       ||     2
       Confused          |       |     1 |     1 ||     2
Armor: Robe              |    17 |    16 |    10 ||    43
Dodge: Dodged            |   160 |   179 |    94 ||   433
